 Dungeon Crawl Stone Soup version 0.18-a0-1805-g8ab820f (webtiles) character file.

18 M4edhros the Grave Robber (level 2, 0/17 HPs)
             Began as an Octopode Necromancer on Apr 25, 2016.
             Slain by Blork the orc
             ... wielding a +0 dire flail
              (9 damage)
             ... on level 4 of the Dungeon.
             The game lasted 00:02:25 (464 turns).

M4edhros the Grave Robber (Octopode Necromancer)     Turns: 464, Time: 00:02:26

Health: 0/17       AC:  1    Str:  7    XL:     2   Next: 70%
Magic:  5/5        EV: 12    Int: 17    God:
Gold:   24         SH:  0    Dex: 12    Spells: 1 memorised, 4 levels left

rFire  . . .     SeeInvis .     j - -1 spear (curse)
rCold  . . .     Gourm    .     (no shield)
rNeg   + . .     Faith    .     (helmet restricted)
rPois  .         Spirit   .     (no amulet)
rElec  .         Dismiss  .     c - ring of positive energy
rCorr  .         Reflect  .     (no ring)
SustAt .         Harm     .     (no ring)
MR     .....                    (no ring)
Stlth  +++.......               (no ring)
                                (no ring)
                                (no ring)
                                (no ring)

@: very slightly contaminated, not resistant to hostile enchantments, fairly
stealthy
A: almost no armour, amphibious, 8 rings, constrict 8, camouflage 1, gelatinous
body 1
a: no special abilities


You were on level 4 of the Dungeon.
You were not hungry.

You visited 1 branch of the dungeon, and saw 3 of its levels.

You collected 24 gold pieces.

Inventory:

Hand Weapons
 j - a cursed -1 spear (weapon)
Jewellery
 c - a ring of positive energy (left tentacle)
Wands
 k - a wand of confusion (12/48)
Scrolls
 e - a scroll of enchant weapon
 i - a scroll of teleportation
Potions
 d - a potion of agility
Books
 a - a book of Necromancy

   Spells                             Type                      Level
   a - Pain                           Necromancy                   1
   b - Animate Skeleton               Necromancy                   1
   c - Vampiric Draining              Necromancy                   3
   d - Regeneration                   Charms/Necromancy            3
   e - Animate Dead                   Necromancy                   4
   f - Control Undead                 Necromancy                   4
Comestibles
 b - 2 bread rations


   Skills:
 - Level 2.0 Dodging
 - Level 2.6 Stealth
 + Level 2.2 Unarmed Combat
 - Level 2.0 Spellcasting
 - Level 4.0 Necromancy


You had 4 spell levels left.
You knew the following spells:

 Your Spells              Type           Power        Failure   Level  Hunger
a - Pain                  Necr           ###.         3%          1    #......


Dungeon Overview and Level Annotations

Branches:
Dungeon (2/15)

Altars:
Ashenzari
Dithmenos
Nemelex Xobeh
Okawaru

Annotations:
D:4 Blork the orc


Innate Abilities, Weirdness & Mutations

You cannot wear most types of armour.
You are amphibious.
You can wear up to eight rings at the same time.
You can use your tentacles to constrict eight enemies at once.
Your skin changes colour to match your surroundings (Stealth).
Your rubbery body absorbs attacks (AC +1).


Message History

Found a scroll labeled DUDOEGUID.
You are too injured to fight recklessly!
You are too injured to fight recklessly!
Attack whom?
Press: ? - help, Dir - move target cursor, f - giant newt
Aim: a giant newt (resting)
You reach to attack!
The helpless giant newt fails to defend itself.
You hit the giant newt.
You kill the giant newt!
Drink which item? (? for menu, Esc to quit)
Okay, then.
Blork the orc shouts!
Blork the orc hits you with a dire flail.
You see here a giant newt corpse.
You hit Blork the orc. Your grab misses Blork the orc.
Blork the orc is lightly wounded.
Blork the orc hits you with a dire flail!
Ouch! That really hurt!
You die...

........'......#
#####.###......#
#.##...<...#
#.##.......####.#
#.##............#
..........#######
#.#######.###
.............#####.#.
# #######.#.@o......
#.#..?....##
..##.###### .......
......... ########...
..## ...


You could see Blork the orc.

Vanquished Creatures
  4 bats
  2 hobgoblins
  2 jackals (D:1)
  A quokka (D:2)
  A giant newt (D:4)
  3 goblins
  4 kobolds
17 creatures vanquished.

Notes
Turn   | Place    | Note
--------------------------------------------------------------
     0 | D:1      | M4edhros the Octopode Necromancer began the quest for the Orb.
     0 | D:1      | Reached XP level 1. HP: 11/11 MP: 3/3
    91 | D:1      | Reached skill level 1 in Unarmed Combat
    98 | D:1      | Found a shattered altar of Ashenzari.
   188 | D:2      | Found a faded altar to an unknown god.
   191 | D:2      | Reached XP level 2. HP: 8/17 MP: 0/5
   192 | D:2      | Found a shadowy altar of Dithmenos.
   294 | D:2      | Found a sparkling altar of Nemelex Xobeh.
   294 | D:2      | Found an iron altar of Okawaru.
   419 | D:2      | You fall through a shaft for 2 floors!
   457 | D:4      | Noticed Blork the orc
   464 | D:4      | Slain by Blork the orc

Vault maps used:
D:1:      onia_arrival_pentagram, solitary_fountain, minivault_19,
          nicolae_ashenzari_panopticon
D:2:      lemuel_crystal_altar, grunt_temple_overflow_open, ecumenical_altar_2,
          uniq_natasha
D:4:      first_bread, uniq_blork_the_orc, uniq_edmund

Skill      XL: |  1  2 |
---------------+-------+-----
Unarmed Combat | 1 2 |  2.2
Dodging        | |  2.0
Stealth        | |  2.6
Spellcasting   | |  2.0
Necromancy     | |  4.0

Action                   || total
-------------------------++-------
Melee: Unarmed           ||    11
       Constrict         ||     4
       Tentacles         ||     1
       Spear             ||     5
 Cast: Pain              ||    21
  Use: Scroll            ||     4
       Potion            ||     4
 Stab: Sleeping          ||     3
Armor: Skin              ||     2
Dodge: Dodged            ||     9
